 Dungeon Crawl Stone Soup version 0.24.1-14-gf8d2b509d9 (console) character file.

Game seed: 13717591691382521529, levelgen mode: deterministic

55708 Kagalorn the Severer (level 14, -3/121 HPs)
             Began as a Minotaur Wanderer on Mar 15, 2021.
             Was the Champion of the Shining One.
             Slain by an orc warrior
             ... wielding a cursed +0 broad axe
              (20 damage)
             ... on level 13 of the Dungeon.
             The game lasted 00:44:46 (19918 turns).

Kagalorn the Severer (Minotaur Wanderer)           Turns: 19918, Time: 00:44:48

Health: -3/121     AC: 18    Str: 24    XL:     14   Next: 39%
Magic:  21/21      EV: 10    Int:  9    God:    the Shining One [******]
Gold:   1395       SH: 14    Dex: 13    Spells: 15/15 levels left

rFire    + . .     SeeInvis .   a - +6 broad axe (flame)
rCold    . . .     Gourm    .   E - +1 shield
rNeg     + + +     Faith    .   L - +0 chain mail {rF+}
rPois    .         Spirit   .   (helmet restricted)
rElec    .         Reflect  .   A - +1 cloak
rCorr    .         Harm     .   Q - +0 pair of gloves
MR       +....                  J - +0 pair of boots
Stlth    ..........             (no amulet)
HPRegen  0.30/turn              P - +2 ring of protection
MPRegen  0.17/turn              B - +5 ring of strength

@: glowing
A: retaliatory headbutt, horns 2
a: Divine Shield, Cleansing Flame, Summon Divine Warrior, Renounce Religion


You were on level 13 of the Dungeon.
You worshipped the Shining One.
The Shining One was exalted by your worship.
You were hungry.

You visited 3 branches of the dungeon, and saw 20 of its levels.
You also visited: Volcano.

You collected 1742 gold pieces.
You spent 347 gold pieces at shops.

Inventory:

Hand Weapons
 a - a +6 broad axe of flaming (weapon)
 b - a +2 broad axe of holy wrath
Missiles
 m - 286 stones (quivered)
 n - 184 bolts
 o - 2 boomerangs of dispersal
 t - 20 boomerangs
Armour
 k - a +0 plate armour
 A - a +1 cloak (worn)
 E - a +1 shield (worn)
 J - a +0 pair of boots (worn)
 L - a +0 chain mail of fire resistance (worn)
 Q - a +0 pair of gloves (worn)
Jewellery
 l - an uncursed ring of resist corrosion
 B - a +5 ring of strength (right hand)
 C - an uncursed ring of fire
 P - a +2 ring of protection (left hand)
Wands
 w - a wand of polymorph (5)
 y - a wand of digging (8)
 K - a wand of flame (3)
 N - a wand of iceblast (9)
 S - a wand of acid (11)
Scrolls
 c - 4 scrolls of enchant armour
 e - 11 scrolls of teleportation
 g - a scroll of magic mapping
 h - 4 scrolls of fear
 r - 12 scrolls of remove curse
 v - 2 scrolls of blinking
 z - 3 scrolls of fog
 F - 7 scrolls of identify
Potions
 i - 4 potions of haste
 j - 14 potions of curing
 p - 3 potions of brilliance
 q - 2 potions of lignification
 s - 3 potions of magic
 u - 2 potions of resistance
 x - 2 potions of agility
 D - 3 potions of cancellation
 G - 4 potions of heal wounds
 H - 2 potions of berserk rage
 I - 3 potions of might
 M - 2 potions of mutation
 O - a potion of flight
Comestibles
 d - 15 rations


   Skills:
 - Level 10.0 Fighting
 - Level 17.9(18.0) Axes
   Level 2.4(12.3) Maces & Flails
 - Level 10.0 Armour
 - Level 5.0 Dodging
 - Level 1.0 Stealth
 + Level 12.3 Shields
 - Level 1.3 Spellcasting
   Level 1.3 Necromancy
   Level 1.0 Air Magic
 + Level 11.4 Invocations


You had 15 spell levels left.
You didn't know any spells.
Your spell library contained the following spells:

 Spells                   Type           Power        Failure   Level  Hunger
 Shock                    Conj/Air       #...         91%         1    ##.....
 Confusing Touch          Hex            #.....       95%         1    ##.....
 Freeze                   Ice            #...         95%         1    ##.....
 Sting                    Conj/Pois      #...         95%         1    ##.....
 Poisonous Vapours        Pois/Air       #.....       97%         2    ###....
 Swiftness                Chrm/Air       #.......     97%         2    ###....
 Blink                    Tloc           N/A          99%         2    ###....
 Shroud of Golubria       Chrm/Tloc      #.....       99%         2    ###....
 Throw Frost              Conj/Ice       #.....       99%         2    ###....
 Confuse                  Hex            #.......     100%        3    ####...
 Conjure Flame            Conj/Fire      #.......     100%        3    ####...
 Gell's Gravitas          Tloc           #.........   100%        3    ####...
 Lesser Beckoning         Tloc           #.........   100%        3    ####...
 Mephitic Cloud           Conj/Pois/Air  #.......     100%        3    ####...
 Ozocubu's Armour         Chrm/Ice       #.......     100%        3    ####...
 Static Discharge         Conj/Air       #.......     100%        3    ####...
 Teleport Other           Tloc           #.......     100%        3    ####...
 Airstrike                Air            #.........   100%        4    #####..
 Olgreb's Toxic Radiance  Pois           #.......     100%        4    #####..
 Passage of Golubria      Tloc           N/A          100%        4    #####..
 Petrify                  Tmut/Erth      #.......     100%        4    #####..
 Summon Ice Beast         Ice/Summ       #.......     100%        4    #####..
 Throw Icicle             Conj/Ice       #.......     100%        4    #####..
 Lightning Bolt           Conj/Air       #.........   100%        5    ######.
 Metabolic Englaciation   Hex/Ice        #.........   100%        5    ######.
 Venom Bolt               Conj/Pois      #.........   100%        5    ######.
 Yara's Violent Unravell  Hex/Tmut       #.........   100%        5    ######.
 Freezing Cloud           Conj/Ice/Air   #.........   100%        6    #######
 Ring of Flames           Chrm/Fire      #.........   100%        7    #######


Dungeon Overview and Level Annotations

Branches:
Dungeon (13/15)            Temple (1/1) D:4            Lair (6/6) D:11
 Shoals (0/4) Lair:4        Snake (0/4) Lair:2        Slime (0/5) Lair:6
    Orc (0/2) D:9         Volcano (visited)
 Vaults: D:13-14

Altars:
Ashenzari
Cheibriados
Dithmenos
Elyvilon
Fedhas
Gozag
Hepliaklqana
Kikubaaqudgha
Makhleb
Nemelex Xobeh
Okawaru
Qazlal
Ru
Sif Muna
Trog
Uskayaw
Vehumet
Wu Jian
Xom
Yredelemnul
Zin
The Shining One
Jiyva

Shops:
D:5 ?   D:6 =   D:7 !   D:9 (

Annotations:
D:8 2 transporters, Grum
D:12 1 runed translucent door, Wiamn's ghost, journeyman MiFi
Lair:1 exclusion: oklob plant
Lair:2 3 runed translucent doors, Elebi's ghost, journeyman DrTm
Lair:6 1 runed translucent door


Innate Abilities, Weirdness & Mutations

You reflexively headbutt those who attack you in melee.
You have a pair of horns on your head.


Message History

The orc warrior hits you with a cursed +0 broad axe!!
The catoblepas gores you!
* * * LOW HITPOINT WARNING * * *
You turn to flesh and can move again.
There is a stone staircase leading up here.
Unknown command.
The orc is no longer petrified.
The orc priest is no longer petrified.
You block the vampire mosquito's attack.
The vampire mosquito bites you but does no damage.
The vampire mosquito closely misses you.
The vampire mosquito bites you.
* * * LOW HITPOINT WARNING * * *
The catoblepas breathes a plume of calcifying dust at you.
The blast of calcifying dust hits you.
* * * LOW HITPOINT WARNING * * *
The orc priest mumbles some strange prayers to Beogh against you.
Beogh smites you!
* * * LOW HITPOINT WARNING * * *
The orc warrior hits you with a cursed +0 broad axe!!
You die...

###########
#.........#
#.........#
#....§<.).#
#...)§).).#####
#...o@..........
######...yYyZ!.#####.
..........W....#..
##########o#.....#
##.<.##### #o..##
#.......# #.........#
.W......##.#


You could see a catoblepas, an orc warrior, 2 vampire mosquitoes, a shadow
(invisible), an orc priest, an orc and a centaur warrior zombie.

Vanquished Creatures
  Rupert (Lair:4)
  4 hydras
  3 two-headed ogres
  A tengu warrior (D:12)
  A hell hog (Volcano)
  Sonja (Lair:1)
  A fire crab (Volcano)
  Pikel (D:4)
  2 ugly things
  A deep elf mage (D:13)
  2 cyclopes (D:12)
  A wolf spider zombie (D:12)
  A manticore (D:12)
  A centaur zombie (D:12)
  5 elephants (Lair:6)
  4 black mambas
  14 spiny frogs
  A gargoyle (Volcano)
  2 rime drakes (Lair:3)
  3 kobold demonologists (D:11)
  3 komodo dragons
  6 polar bears (Lair:6)
  3 trolls
  A tengu conjurer (D:12)
  5 hornets
  12 blink frogs
  2 dream sheep (Lair:6)
  8 hippogriffs
  A wyvern (Lair:2)
  14 spriggans (Lair:6)
  53 yaks
  7 fire bats (Volcano)
  A wraith (D:11)
  Eustachio (D:4)
  2 vampire mosquitoes (D:12)
  3 basilisks
  A steam dragon (Volcano)
  2 hungry ghosts
  4 nagas (Lair:2)
  A soldier ant (D:12)
  11 water moccasins
  A hell hound (Volcano)
  3 porcupines
  2 ice beasts
  8 orc warriors
  3 black bears
  2 eyes of draining
  4 phantoms
  2 necrophages
  4 sky beasts
  4 boggarts (Lair:6)
  17 wolves
  6 ogres
  11 centaurs
  15 crocodiles
  5 big kobolds
  13 bullfrogs
  A water moccasin zombie (D:6)
  4 scorpions
  4 killer bees (D:12)
  6 electric eels (D:10)
  11 wights
  5 howler monkeys
  7 lava snakes (Volcano)
  14 crimson imps
  A quasit (D:7)
  4 hounds
  15 orc priests
  2 iguanas (D:6)
  20 orc wizards
  2 bullfrog skeletons
  A gnoll shaman (D:8)
  A killer bee zombie (D:7)
  9 worker ants
  A hound zombie (D:9)
  A howler monkey zombie (D:7)
  7 gnolls
  A howler monkey skeleton (D:3)
  12 adders
  4 shadow imps
  2 oozes
  An adder skeleton (D:8)
  4 worms
  5 dart slugs
  9 leopard geckos
  58 orcs
  A ball python (D:4)
  4 bats
  9 giant cockroaches
  6 goblins
  6 hobgoblins
  5 jackals (D:7)
  18 kobolds
  5 quokkas
  4 frilled lizards
  A leopard gecko skeleton (D:7)
  A leopard gecko zombie (D:8)
  A quokka skeleton (D:4)
  A quokka zombie (D:9)
  6 rats
  7 fungi
  5 plants
583 creatures vanquished.

Vanquished Creatures (collateral kills)
  A manticore (Lair:4)
  3 elephants (Lair:4)
  A molten gargoyle (Volcano)
  2 yaks (Lair:4)
  An orc warrior (D:7)
  A hound (D:7)
  2 orc priests (D:7)
  An orc (D:7)
12 creatures vanquished.

Vanquished Creatures (others)
  A slave (D:5)
  A gnoll (D:5)
  3 fungi
  22 plants
27 creatures vanquished.

Grand Total: 622 creatures vanquished

Notes
Turn   | Place    | Note
-------+----------+-------------------------------------------
     0 | D:1      | Kagalorn the Minotaur Wanderer began the quest for the Orb.
     0 | D:1      | Kagalorn set off with the following items: a +0 mace, a +0
                  | ring mail, a ration; and the following spell memorised:
                  | Shock; and the following spells available to memorise:
                  | Swiftness, Static Discharge, Airstrike, Lightning Bolt
     0 | D:1      | Reached XP level 1. HP: 16/16 MP: 1/1
    77 | D:1      | Reached skill level 1 in Armour
    90 | D:1      | Reached skill level 1 in Dodging
    90 | D:1      | Reached XP level 2. HP: 16/24 MP: 3/3
   418 | D:1      | Reached XP level 3. HP: 29/29 MP: 4/4
  1366 | D:2      | Reached XP level 4. HP: 37/37 MP: 5/5
  1416 | D:2      | Found a faded altar of an unknown god.
  2263 | D:3      | Reached skill level 1 in Axes
  2744 | D:3      | Reached XP level 5. HP: 40/45 MP: 6/6
  2861 | D:4      | Found a glowing golden altar of the Shining One.
  2877 | D:4      | Noticed an angel
  2882 | D:4      | Became a worshipper of the Shining One
  2905 | D:4      | Reached skill level 2 in Axes
  2930 | D:4      | Noticed an ogre
  3211 | D:4      | Found a shimmering blue altar of Sif Muna.
  3260 | D:4      | Killed an ogre
  3293 | D:4      | Found a basalt altar of Yredelemnul.
  3295 | D:4      | Noticed a profane servitor
  3358 | D:4      | Reached XP level 6. HP: 48/52 MP: 7/7
  3416 | D:4      | Reached skill level 3 in Axes
  3420 | D:4      | Reached skill level 1 in Invocations
  3556 | D:4      | Found a staircase to the Ecumenical Temple.
  3562 | Temple   | Entered the Ecumenical Temple
  4011 | D:5      | Entered Level 5 of the Dungeon
  4011 | D:5      | Reached * piety under the Shining One
  4014 | D:5      | Noticed a slave
  4016 | D:5      | Noticed Pikel
  4038 | D:4      | Killed Pikel
  4038 | D:4      | Reached skill level 5 in Fighting
  4038 | D:4      | Reached skill level 5 in Axes
  4038 | D:4      | Reached XP level 7. HP: 60/61 MP: 8/8
  4114 | D:5      | Found Zugiluo's Magic Scroll Shop.
  4126 | D:5      | Reached XP level 8. HP: 53/68 MP: 9/9
  4136 | D:5      | Bought a scroll of remove curse for 39 gold pieces
  4136 | D:5      | Bought a scroll of teleportation for 39 gold pieces
  4136 | D:5      | Bought a scroll of identify for 26 gold pieces
  4136 | D:5      | Bought a scroll of immolation for 45 gold pieces
  4264 | D:5      | Noticed Eustachio
  4363 | D:4      | Killed Eustachio
  4363 | D:4      | Reached skill level 6 in Axes
  4363 | D:4      | Reached skill level 5 in Armour
  4724 | D:5      | Found a shimmering altar of Xom.
  4747 | D:5      | Reached ** piety under the Shining One
  4765 | D:5      | Reached skill level 5 in Dodging
  4844 | D:6      | Reached skill level 7 in Axes
  4853 | D:6      | Found Leikhiutte's Jewellery Emporium.
  4967 | D:6      | Found an opulent altar of Gozag.
  4981 | D:6      | Reached XP level 9. HP: 67/77 MP: 9/11
  4983 | D:6      | Found a shadowy altar of Dithmenos.
  4999 | D:6      | Found a sacrificial altar of Ru.
  5005 | D:6      | Found a radiant altar of Vehumet.
  5012 | D:6      | Found a glowing silver altar of Zin.
  5019 | D:6      | Found a bloodstained altar of Trog.
  5023 | D:6      | Found a burning altar of Makhleb.
  5281 | D:6      | Reached skill level 8 in Axes
  5691 | D:7      | Reached *** piety under the Shining One
  5919 | D:7      | Found Zeyll's Distillery.
  5932 | D:7      | Bought a potion of heal wounds for 55 gold pieces
  5932 | D:7      | Bought a potion of cancellation for 88 gold pieces
  5932 | D:7      | Bought a potion of berserk rage for 55 gold pieces
  5993 | D:7      | Reached skill level 9 in Axes
  6343 | D:7      | Reached skill level 5 in Invocations
  6776 | D:8      | Noticed a two-headed ogre
  6953 | D:8      | Found an ornate altar of the Wu Jian Council.
  7004 | D:8      | Found a transporter.
  7012 | D:8      | Noticed Grum
  7075 | D:8      | Found a transporter.
  7177 | D:8      | Reached **** piety under the Shining One
  7226 | D:8      | Reached XP level 10. HP: 74/86 MP: 12/12
  7762 | D:8      | Reached skill level 10 in Axes
  8124 | D:9      | Found a blossoming altar of Fedhas.
  8233 | D:9      | Noticed a two-headed ogre
  8244 | D:9      | Killed a two-headed ogre
  8299 | D:9      | Reached skill level 5 in Shields
  8415 | D:9      | Reached skill level 11 in Axes
  8456 | D:9      | Found a staircase to the Orcish Mines.
  8656 | D:9      | Found Piodigug's Antique Weapon Shoppe.
  8803 | D:10     | Entered Level 10 of the Dungeon
  8933 | D:10     | Reached XP level 11. HP: 84/95 MP: 14/14
  9251 | D:10     | Reached ***** piety under the Shining One
 10046 | D:7      | Killed a two-headed ogre
 10373 | D:11     | Reached skill level 12 in Axes
 10521 | D:11     | Found a staircase to the Lair.
 10599 | D:11     | Found a shadowy altar of Dithmenos.
 10831 | D:11     | Noticed a two-headed ogre
 10839 | D:11     | Killed a two-headed ogre
 11366 | D:12     | Noticed a tengu warrior
 11799 | D:12     | Noticed a brown ugly thing
 11823 | D:12     | Killed a brown ugly thing
 11823 | D:12     | Reached skill level 10 in Fighting
 11857 | D:12     | Found a runed translucent door.
 11858 | D:12     | Noticed Wiamn's ghost (journeyman MiFi)
 11862 | D:12     | Identified the +9 spear of the Known World {pierce, Int+3
                  | Dex+3}
 11862 | D:12     | Noticed a spriggan rider
 11872 | D:12     | Reached skill level 13 in Axes
 12000 | D:12     | Reached XP level 12. HP: 71/106 MP: 16/16
 12072 | D:12     | Killed a tengu warrior
 12072 | D:12     | Reached skill level 10 in Armour
 12326 | D:12     | Identified the +5 flail of Headodoq {venom, *Slow rN++ MR+}
 12849 | D:12     | Reached ****** piety under the Shining One
 12960 | Lair:1   | Entered Level 1 of the Lair of Beasts
 13135 | Lair:1   | Reached skill level 14 in Axes
 13423 | Lair:1   | Noticed Sonja
 13446 | Lair:1   | Killed Sonja
 14271 | Lair:2   | Found a shadowy altar of Dithmenos.
 14324 | Lair:2   | Identified a scroll of acquirement
 14346 | Lair:2   | Identified a +2 broad axe of holy wrath (a +0 broad axe of
                  | venom blessed by the Shining One)
 14346 | Lair:2   | Received a gift from the Shining One
 14384 | Lair:2   | Found a staircase to the Snake Pit.
 14650 | Lair:2   | Reached skill level 15 in Axes
 14850 | Lair:2   | Found a runed translucent gate.
 14850 | Lair:2   | Found a runed translucent gate.
 14854 | Lair:2   | Found a runed translucent gate.
 14854 | Lair:2   | Noticed Elebi's ghost (journeyman DrTm)
 14855 | Lair:2   | Noticed a 13-headed hydra
 15210 | Lair:3   | Reached XP level 13. HP: 113/113 MP: 19/19
 15427 | Lair:3   | Reached skill level 10 in Shields
 15970 | Lair:4   | Noticed Rupert
 15987 | Lair:4   | Killed Rupert
 16034 | Lair:4   | Found a staircase to the Shoals.
 16062 | Lair:4   | Reached skill level 10 in Invocations
 16067 | Lair:4   | Reached skill level 16 in Axes
 16145 | Lair:4   | Found a dark tunnel.
 16267 | Volcano  | Entered a volcano
 16704 | Volcano  | Found a burning altar of Makhleb.
 18088 | Lair:6   | Entered Level 6 of the Lair of Beasts
 18124 | Lair:6   | Reached skill level 17 in Axes
 18342 | Lair:6   | Reached XP level 14. HP: 107/121 MP: 21/21
 19015 | Lair:6   | Found a runed translucent door.
 19015 | Lair:6   | Found a viscous altar of Jiyva.
 19015 | Lair:6   | Found a staircase to the Slime Pits.
 19015 | Lair:6   | Noticed an azure jelly
 19015 | Lair:6   | Noticed an azure jelly
 19918 | D:13     | Slain by an orc warrior

Levels and vault maps discovered:
D:1:      giann_horns, layout_basic, lexackson_kobold_supper
D:2:      minmay_inner_zag, layout_basic, chequers_ecumenical_altar_twisty
D:3:      layout_rooms
D:4:      layout_gridville, grunt_temple_overflow_holy_war, led_sif_pool,
          minmay_temple_entry_tees
D:5:      layout_rooms, serial_shops, shop_coins, first_ration, minivault_27,
          led_xom_imps, uniq_eustachio, uniq_pikel
D:6:      layout_loops_ring, grunt_temple_overflow_octagram, serial_shops, shop
D:7:      layout_rooms, serial_shops, shop, grunt_ogre_cave
D:8:      layout_loops_corners, kennysheep_mini, gammafunk_ghost_gnarly_gnolls
D:9:      layout_rooms, fedhas_altar_4, serial_shops, shop_fountains,
          hangedman_decor_lopped
D:10:     layout_basic
D:11:     layout_loops_corners, lair_entry_dummy, minmay_variable_closet,
          grunt_dithmenos_smoke_and_mirrors
D:12:     layout_loops_ring, ebering_ghost_funeral_grove
D:13:     kennysheep_ambush_hall, layout_rooms, kennysheep_generic_room_13
Temple:   cyrus_temple_forest
Lair:1:   layout_small_grid, lemuel_fruit_fields, grunt_megastairs_1,
          minmay_lair_oklob_chamber, uniq_sonja
Lair:2:   layout_big_grid, minmay_snake_entry_guardpost_small, basic_altar,
          gammafunk_ghost_hydra_chop, guppyfry_lair_drakes
Lair:3:   layout_regular_city
Lair:4:   layout_loops_ring, minmay_shoals_entry_beasts, enter_volcano_1,
          uniq_rupert
Lair:5:   layout_regular_city, serial_bayou_shore_b
Lair:6:   minmay_lair_end_enchanted_forest, layout_loops_ring, slime_altar_2

Skill      XL: |  1  2  3  4  5  6  7  8  9 10 11 12 13 14 |
---------------+-------------------------------------------+-----
Armour         | 1 2 3 4 6 7 8 9 10 | 10.0
Dodging        | 1 2 3 4 5 |  5.0
Fighting       | 2 3 5 6 7 8 10 | 10.0
Axes           | 1 2 5 7 9 11 13 15 17 | 17.9
Invocations    | 2 4 5 6 7 9 10 11 | 11.4
Shields        | 3 5 7 9 11 12 | 12.3
Maces & Flails | |  2.4
Stealth        | |  1.0
Spellcasting   | |  1.3
Necromancy     | |  1.3
Air Magic      | |  1.0

Action                   |  1- 3 |  4- 6 |  7- 9 | 10-12 | 13-15 || total
-------------------------+-------+-------+-------+-------+-------++-------
Melee: Mace              |    80 |    49 |       |       |       ||   129
       Headbutt          |    13 |    39 |    57 |   151 |    83 ||   343
       Hand axe          |       |   148 |       |       |       ||   148
       Morningstar       |       |    21 |   265 |    84 |       ||   370
       Broad axe         |       |       |    35 |   286 |   442 ||   763
       War axe           |       |       |       |   318 |       ||   318
 Fire: Hunting sling     |       |     7 |       |       |       ||     7
Invok: Divine Shield     |       |       |       |     1 |       ||     1
       Brand Weapon With |       |       |       |     1 |       ||     1
       Summon Divine War |       |       |       |       |     2 ||     2
Evoke: Wand              |       |       |       |    11 |       ||    11
  Use: Scroll            |       |       |    11 |    17 |     7 ||    35
  Eat: Chunk             |     1 |     5 |     4 |     9 |     9 ||    28
       Ration            |       |     1 |     2 |     6 |     2 ||    11
Armor: Ring mail         |    25 |       |       |       |       ||    25
       Plate armour      |    12 |   201 |   216 |   315 |    59 ||   803
       Chain mail        |       |       |       |       |   105 ||   105
Dodge: Dodged            |    47 |    68 |   117 |   176 |   105 ||   513
Block: Shield            |       |       |    87 |   361 |   233 ||   681
